cohdb
Replays
Latest Replays
All Replays
Popular Replays
Top Player Replays
Match Explorer
How It Works
Community
CoH3 Stats
Reddit
Sign in to upload your games and track your stats! →
Sign in with Steam
Match 46739081
Unlisted
Match 46739081
Overview
Messages
Build Orders
End
Construct Barracks
Riflemen Squad
Riflemen Squad
Grenade Package
Riflemen Squad
Mechanized Support Center
Selects Special Operations Battlegroup
Selects Smoke Screen
Construct Motor Pool
Selects SSF Commando Squad
SSF Commando Squad
M3 75 mm Gun Motor Carriage
M3 75 mm Gun Motor Carriage
Designate Forward Repair Station
Engineer Squad
1⁄4-ton 4x4 Truck
.30 cal Machine Gun
Designate Forward Repair Station
Smoke Screen
Boneless
Numenour
实力不足只能当老六了
Marin
0
0
Comments
sign in to comment!
No comments posted yet!